PAAA
BLOOMINGTON LONGNECKS @ BAKERSFIELD NOBLES
05/31/2034
 
TOP OF THE 1ST
Bloomington Longnecks batting - Pitching for Bakersfield Nobles : RHP Cameron Frye
Pitching: RHP Cameron Frye
Batting: SHB Benedict Patel 0-0: Foul Ball, location: 2F
0-1: Called Strike
0-2: Foul Ball, location: 2F
0-2: Foul Ball, location: 2F
0-2: Ground out 4-3 (Groundball, 4)
Batting: RHB Yu-shu Tseng 0-0: Ball
1-0: Swinging Strike
1-1: Swinging Strike
1-2: SOLO HOME RUN (Line Drive, 7LD), Distance : 342 ft
Batting: RHB Carlos Cardona 0-0: Ball
1-0: SINGLE (Flyball, 89S)
Batting: RHB Miguel Elías 0-0: Fly out, F7 (Flyball, 78D)
Batting: RHB Mike Mays 0-0: Ground out 5-3 (Groundball, 56S)
Top of the 1st over - 1 run, 2 hits, 0 errors, 1 left on base; Bloomington 1 - Bakersfield 0
BOTTOM OF THE 1ST
Bakersfield Nobles batting - Pitching for Bloomington Longnecks : RHP David Torres
Pitching: RHP David Torres
Batting: RHB Dennis Wacher 0-0: Called Strike
0-1: Ball
1-1: Ball
2-1: Ground out 6-3 (Groundball, 6)
Batting: SHB Fernando Luna 0-0: Ball
1-0: Ball
2-0: Ball
3-0: Called Strike
3-1: Called Strike
3-2: Strikes out looking
Batting: SHB Edward Sterrenburg 0-0: SINGLE (Groundball, 5D)
Batting: RHB Yoshihito Samurakami 0-0: Ball
1-0: DOUBLE (Line Drive, 78XD)
Edward Sterrenburg to third
Runner from 3rd tries for Home, SAFE, no throw
Batting: LHB Hideki Hisanobu 0-0: Ball
1-0: Ball
2-0: Called Strike
2-1: Foul Ball, location: 2F
2-2: Ball
3-2: SINGLE (Groundball, 34D)
Yoshihito Samurakami to third
Yoshihito Samurakami scores
Batting: RHB Ed Adams 0-0: Ball
1-0: Ground out 4-3 (Groundball, 4)
Bottom of the 1st over - 2 runs, 3 hits, 0 errors, 1 left on base; Bloomington 1 - Bakersfield 2
TOP OF THE 2ND
Bloomington Longnecks batting - Pitching for Bakersfield Nobles : RHP Cameron Frye
Batting: RHB Toussiant L'Ouverture 0-0: Ground out 5-3 (Groundball, 56S)
Batting: RHB Sébastien Bernard 0-0: Fly out, F9 (Flyball, 9LM)
Batting: LHB Daniel Faraday 0-0: Called Strike
0-1: Called Strike
0-2: SINGLE (Groundball, 6D)
Batting: RHB Eun-bum Kim 0-0: Foul Ball, location: 2F
0-1: SINGLE (Groundball, 4MD)
Daniel Faraday to second
Batting: SHB Benedict Patel 0-0: Ball
1-0: Called Strike
1-1: Fly out, F8 (Flyball, 8RM)
Top of the 2nd over - 0 runs, 2 hits, 0 errors, 2 left on base; Bloomington 1 - Bakersfield 2
BOTTOM OF THE 2ND
Bakersfield Nobles batting - Pitching for Bloomington Longnecks : RHP David Torres
Batting: SHB Terumoto Kurihara 0-0: Ball
1-0: Swinging Strike
1-1: SINGLE (Line Drive, 4M)
Batting: RHB Juan Dávila 0-0: Ball
1-0: Swinging Strike
1-1: Foul Ball, location: 2F
1-2: SINGLE (Groundball, 6D)
Terumoto Kurihara to second
Batting: LHB Alberto Enríquez 0-0: Foul Ball, location: 2F
0-1: Foul Ball, location: 2F
0-2: Foul Ball, location: 2F
0-2: Foul Ball, location: 2F
0-2: Foul Ball, location: 2F
0-2: Ball
1-2: Foul Ball, location: 2F
Balk!
Terumoto Kurihara to third
Juan Dávila to second
1-2: Ball
2-2: Hit by Pitch
Batting: RHB Dennis Wacher 0-0: Called Strike
0-1: Fly out, F8 (Line Drive, 8LM)
Runner from 3rd tags up, OUT at HOME
Juan Dávila to third
Alberto Enríquez to second
Batting: SHB Fernando Luna 0-0: Called Strike
0-1: Ground out U3 (Groundball, 34)
Bottom of the 2nd over - 0 runs, 2 hits, 0 errors, 2 left on base; Bloomington 1 - Bakersfield 2
TOP OF THE 3RD
Bloomington Longnecks batting - Pitching for Bakersfield Nobles : RHP Cameron Frye
Batting: RHB Yu-shu Tseng 0-0: Ball
1-0: Ball
2-0: Fly out, F9 (Flyball, 9LS)
Batting: RHB Carlos Cardona 0-0: Ball
1-0: Ball
2-0: DOUBLE (Line Drive, 78XD) - OUT at third base trying to stretch hit.
Batting: RHB Miguel Elías 0-0: Foul Ball, location: 2F
0-1: Swinging Strike
0-2: Strikes out swinging
Top of the 3rd over - 0 runs, 1 hit, 0 errors, 0 left on base; Bloomington 1 - Bakersfield 2
BOTTOM OF THE 3RD
Bakersfield Nobles batting - Pitching for Bloomington Longnecks : RHP David Torres
Batting: SHB Edward Sterrenburg 0-0: Ball
1-0: Ground out 6-3 (Groundball, 6)
Batting: RHB Yoshihito Samurakami 0-0: Foul Ball, location: 2F
0-1: Ground out 5-3 (Groundball, 56)
Batting: LHB Hideki Hisanobu 0-0: Ball
1-0: Ball
2-0: SINGLE (Groundball, 6MD)
Batting: RHB Ed Adams 0-0: Called Strike
0-1: Swinging Strike
Hideki Hisanobu steals 2nd base
0-2: Strikes out looking
Bottom of the 3rd over - 0 runs, 1 hit, 0 errors, 1 left on base; Bloomington 1 - Bakersfield 2
TOP OF THE 4TH
Bloomington Longnecks batting - Pitching for Bakersfield Nobles : RHP Cameron Frye
Batting: RHB Mike Mays 0-0: Called Strike
0-1: Ball
1-1: Ground out 6-3 (Groundball, 6)
Batting: RHB Toussiant L'Ouverture 0-0: Foul Ball, location: 2F
0-1: Fly out, F3 (Popup, 3SF)
Batting: RHB Sébastien Bernard 0-0: Called Strike
0-1: Fly out, F8 (Flyball, 8LD)
Top of the 4th over - 0 runs, 0 hits, 0 errors, 0 left on base; Bloomington 1 - Bakersfield 2
BOTTOM OF THE 4TH
Bakersfield Nobles batting - Pitching for Bloomington Longnecks : RHP David Torres
Batting: SHB Terumoto Kurihara 0-0: Ball
1-0: Ball
2-0: Ground out 4-3 (Groundball, 4)
Batting: RHB Juan Dávila 0-0: Ball
1-0: Called Strike
1-1: Ground out 5-3 (Groundball, 56)
Batting: LHB Alberto Enríquez 0-0: Called Strike
0-1: Foul Ball, location: 2F
0-2: Foul Ball, location: 2F
0-2: SINGLE (Flyball, 7S)
Batting: RHB Dennis Wacher 0-0: Swinging Strike
0-1: Ball
1-1: Called Strike
Alberto Enríquez is caught stealing 2nd base
Bottom of the 4th over - 0 runs, 1 hit, 0 errors, 0 left on base; Bloomington 1 - Bakersfield 2
TOP OF THE 5TH
Bloomington Longnecks batting - Pitching for Bakersfield Nobles : RHP Cameron Frye
Batting: LHB Daniel Faraday 0-0: Called Strike
0-1: Foul Ball, location: 2F
0-2: Foul Ball, location: 2F
0-2: SINGLE (Groundball, 4MD)
Batting: RHB Eun-bum Kim 0-0: Sac Bunt - play at first, batter OUT! 1-4
Daniel Faraday to second
Batting: SHB Benedict Patel 0-0: Ball
1-0: Foul Ball, location: 2F
1-1: Foul Ball, location: 2F
1-2: Ball
2-2: Strikes out swinging
Batting: RHB Yu-shu Tseng 0-0: Ball
1-0: Ground out 5-3 (Groundball, 56)
Top of the 5th over - 0 runs, 1 hit, 0 errors, 1 left on base; Bloomington 1 - Bakersfield 2
BOTTOM OF THE 5TH
Bakersfield Nobles batting - Pitching for Bloomington Longnecks : RHP David Torres
Batting: RHB Dennis Wacher 0-0: Ball
1-0: Called Strike
1-1: Fly out, F7 (Flyball, 7LSF)
Batting: SHB Fernando Luna 0-0: Ball
1-0: Fly out, F7 (Flyball, 7D)
Batting: SHB Edward Sterrenburg 0-0: Ball
1-0: SINGLE (Line Drive, 34D)
Batting: RHB Yoshihito Samurakami 0-0: Foul Ball, location: 2F
0-1: Ball
1-1: Ball
2-1: Ball
Edward Sterrenburg steals 2nd base
3-1: 2-RUN HOME RUN (Flyball, 7D), Distance : 375 ft
Batting: LHB Hideki Hisanobu 0-0: Ground out 6-3 (Groundball, 6D)
Bottom of the 5th over - 2 runs, 2 hits, 0 errors, 0 left on base; Bloomington 1 - Bakersfield 4
TOP OF THE 6TH
Bloomington Longnecks batting - Pitching for Bakersfield Nobles : RHP Cameron Frye
Batting: RHB Carlos Cardona 0-0: Called Strike
0-1: Ball
1-1: Called Strike
1-2: SINGLE (Line Drive, 89S)
Batting: RHB Miguel Elías 0-0: Fly out, F4 (Popup, 3S)
Batting: RHB Mike Mays 0-0: Called Strike
0-1: Ball
1-1: Swinging Strike
1-2: Ball
2-2: Foul Ball, location: 2F
2-2: Ball
3-2: Foul Ball, location: 2F
3-2: Fielders Choice at 2nd, 6-4 (Groundball, 56)
Batting: RHB Toussiant L'Ouverture 0-0: Swinging Strike
0-1: Foul Ball, location: 2F
0-2: Fly out, F3 (Popup, 3S)
Top of the 6th over - 0 runs, 1 hit, 0 errors, 1 left on base; Bloomington 1 - Bakersfield 4
BOTTOM OF THE 6TH
Bakersfield Nobles batting - Pitching for Bloomington Longnecks : RHP David Torres
Batting: RHB Ed Adams 0-0: Ball
1-0: Ball
2-0: Called Strike
2-1: Ball
3-1: TRIPLE (Flyball, 78XD)
Batting: SHB Terumoto Kurihara 0-0: Called Strike
0-1: Swinging Strike
0-2: Ball
1-2: Fly out, F1 (Line Drive, 15S)
Batting: RHB Juan Dávila 0-0: Intentional Walk
Batting: LHB Alberto Enríquez 0-0: 3-RUN HOME RUN (Flyball, 7D), Distance : 376 ft
Pitching: RHP Jami Haakana
Batting: RHB Dennis Wacher 0-0: Ground out 5-3 (Groundball, 5L)
Batting: SHB Fernando Luna 0-0: Ball
1-0: Foul Ball, location: 2F
1-1: Fly out, F8 (Line Drive, 89D)
Bottom of the 6th over - 3 runs, 2 hits, 0 errors, 0 left on base; Bloomington 1 - Bakersfield 7
TOP OF THE 7TH
Bloomington Longnecks batting - Pitching for Bakersfield Nobles : RHP Cameron Frye
Pitching: RHP Ricardo Gómez
Batting: RHB Sébastien Bernard 0-0: Ball
1-0: Ball
2-0: Called Strike
2-1: Ball
3-1: Foul Ball, location: 2F
3-2: Foul Ball, location: 2F
3-2: Foul Ball, location: 2F
3-2: Foul Ball, location: 2F
3-2: Foul Ball, location: 2F
3-2: Foul Ball, location: 2F
3-2: Base on Balls
Batting: LHB Daniel Faraday 0-0: Called Strike
0-1: Called Strike
0-2: Foul Ball, location: 2F
0-2: Strikes out swinging
Batting: RHB Eun-bum Kim 0-0: Ball
1-0: Fly out, F4 (Line Drive, 4)
Batting: SHB Benedict Patel 0-0: Called Strike
0-1: Ball
1-1: Ball
2-1: Ground out U3 (Groundball, 3)
Top of the 7th over - 0 runs, 0 hits, 0 errors, 1 left on base; Bloomington 1 - Bakersfield 7
BOTTOM OF THE 7TH
Bakersfield Nobles batting - Pitching for Bloomington Longnecks : RHP Jami Haakana
Batting: SHB Edward Sterrenburg 0-0: Fly out, F7 (Flyball, 7S)
Batting: RHB Yoshihito Samurakami 0-0: Ball
1-0: Fly out, F8 (Flyball, 8RXD)
Batting: LHB Hideki Hisanobu 0-0: Ball
1-0: Foul Ball, location: 2F
1-1: Reached on error, E4 (Groundball, 4S)
Batting: RHB Ed Adams 0-0: Called Strike
0-1: Foul Ball, location: 2F
0-2: Ball
1-2: SINGLE (Flyball, 8LS)
Hideki Hisanobu to second
Runner from 2nd tries for 3rd, SAFE, no throw
Batting: SHB Terumoto Kurihara 0-0: Ball
Passed Ball!
Hideki Hisanobu scores
Ed Adams to second
1-0: Ground out 6-3 (Groundball, 6)
Bottom of the 7th over - 1 run, 1 hit, 1 error, 1 left on base; Bloomington 1 - Bakersfield 8
TOP OF THE 8TH
Bloomington Longnecks batting - Pitching for Bakersfield Nobles : RHP Ricardo Gómez
Batting: RHB Yu-shu Tseng 0-0: Fly out, F7 (Flyball, 7S)
Batting: RHB Carlos Cardona 0-0: Called Strike
0-1: Ground out 3-1 (Groundball, 34)
Batting: RHB Miguel Elías 0-0: Foul Ball, location: 2F
0-1: Ground out 6-3 (Groundball, 56)
Top of the 8th over - 0 runs, 0 hits, 0 errors, 0 left on base; Bloomington 1 - Bakersfield 8
BOTTOM OF THE 8TH
Bakersfield Nobles batting - Pitching for Bloomington Longnecks : RHP Jami Haakana
Batting: RHB Juan Dávila 0-0: Called Strike
0-1: SINGLE (Line Drive, 7S)
Batting: LHB Alberto Enríquez 0-0: Called Strike
0-1: Ball
Juan Dávila is caught stealing 2nd base
1-1: Ball
2-1: Ball
3-1: Base on Balls
Batting: RHB Dennis Wacher 0-0: Ball
1-0: Ball
2-0: Ball
3-0: Base on Balls
Alberto Enríquez to second
Batting: SHB Fernando Luna 0-0: Called Strike
Alberto Enríquez is caught stealing 3rd base
0-1: Ball
1-1: Ball
2-1: Ball
3-1: Fly out, F9 (Flyball, 9LD)
Bottom of the 8th over - 0 runs, 1 hit, 0 errors, 1 left on base; Bloomington 1 - Bakersfield 8
TOP OF THE 9TH
Bloomington Longnecks batting - Pitching for Bakersfield Nobles : RHP Ricardo Gómez
Pitching: RHP Nésto Gago
Pinch Hitting: RHB Rob Gray 0-0: Ball
1-0: Ball
2-0: Called Strike
2-1: Ball
3-1: Base on Balls
Batting: RHB Toussiant L'Ouverture 0-0: Called Strike
0-1: Fly out, F8 (Flyball, 8LM)
Batting: RHB Sébastien Bernard 0-0: Foul Ball, location: 2F
0-1: Foul Ball, location: 2F
0-2: Strikes out swinging
Batting: LHB Daniel Faraday 0-0: Called Strike
0-1: Foul Ball, location: 2F
0-2: Fly out, F8 (Flyball, 8RM)
Top of the 9th over - 0 runs, 0 hits, 0 errors, 1 left on base; Bloomington 1 - Bakersfield 8
Friday, March 29th, 2019 - OOTP Baseball 18.8 Build 76